TOP OF THE 1ST |
Hickory Crawdads batting - Pitching for Quad Cities River Bandits : RHP Ray Strehler
|
Pitching: RHP Ray Strehler
|
|
Batting: RHB Aaron Moore
|
0-0: Ball 1-0: Foul Ball, location: 2F 1-1: Foul Ball, location: 2F 1-2: Fly out, F4 (Popup, 23, EV 86.2 MPH)
|
Batting: LHB Brian Gray
|
0-0: Ball 1-0: Ball 2-0: Ball 3-0: Called Strike 3-1: Fly out, F7 (Flyball, 78D, EV 96.9 MPH)
|
Batting: RHB Dermott Neill
|
0-0: Ball 1-0: Ball 2-0: Ball 3-0: Called Strike 3-1: Foul Ball, location: 2F 3-2: Foul Ball, location: 2F 3-2: Ground out 6-3 (Groundball, 6S, EV 83.1 MPH)
|
Top of the 1st over - 0 runs, 0 hits, 0 errors, 0 left on base; Hickory 0 - Quad Cities 0 |
BOTTOM OF THE 1ST |
Quad Cities River Bandits batting - Pitching for Hickory Crawdads : RHP Erik Sever
|
Pitching: RHP Erik Sever
|
|
Batting: RHB Sean Mounts
|
0-0: Ball 1-0: Called Strike 1-1: Swinging Strike 1-2: Ball 2-2: Foul Ball, location: 2F 2-2: SINGLE (Groundball, 4MS, EV 85.0 MPH) (infield hit)
|
Batting: RHB Ben Sutton
|
0-0: Foul Ball, location: 2F 0-1: Swinging Strike 0-2: Ball 1-2: Strikes out swinging
|
Batting: LHB Daigo Ishii
|
0-0: Ball Passed Ball! Sean Mounts to second 1-0: Swinging Strike 1-1: Ball 2-1: Foul Ball, location: 2F 2-2: Fly out, F7 (Flyball, 7LS, EV 95.0 MPH)
|
Batting: RHB Erik Smith
|
0-0: Foul Ball, location: 2F 0-1: Ball 1-1: Ball 2-1: Swinging Strike 2-2: Strikes out looking
|
Bottom of the 1st over - 0 runs, 1 hit, 0 errors, 1 left on base; Hickory 0 - Quad Cities 0 |
TOP OF THE 2ND |
Hickory Crawdads batting - Pitching for Quad Cities River Bandits : RHP Ray Strehler
|
Batting: SHB Todd Hewitt
|
0-0: Ground out 5-3 (Groundball, 5, EV 85.6 MPH)
|
Batting: RHB Jarrod Joyce
|
0-0: Ball 1-0: Called Strike 1-1: Ball 2-1: Ground out 5-3 (Groundball, 56S, EV 70.6 MPH)
|
Batting: SHB Quido van Erp
|
0-0: Swinging Strike 0-1: Foul Ball, location: 2F 0-2: Strikes out swinging
|
Top of the 2nd over - 0 runs, 0 hits, 0 errors, 0 left on base; Hickory 0 - Quad Cities 0 |
BOTTOM OF THE 2ND |
Quad Cities River Bandits batting - Pitching for Hickory Crawdads : RHP Erik Sever
|
Batting: LHB Bob Govella
|
0-0: Called Strike 0-1: Ground out U3 (Groundball, 3, EV 85.0 MPH)
|
Batting: RHB Steve Moore
|
0-0: DOUBLE (Line Drive, 89D, EV 109.4 MPH)
|
Batting: LHB Fernando Gomez
|
0-0: Called Strike 0-1: Ball 1-1: Ball 2-1: Ball 3-1: SINGLE (Groundball, 34D, EV 104.4 MPH) Steve Moore to third Runner from 3rd tries for Home, SAFE, throw by RF to home
|
Batting: LHB Bruce Arvizu
|
0-0: Ball 1-0: Called Strike 1-1: Called Strike 1-2: Foul Ball, location: 2F 1-2: Ball 2-2: Ball 3-2: Foul Ball, location: 2F 3-2: SINGLE (Groundball, 6MS, EV 66.2 MPH) (infield hit) Fernando Gomez to second
|
Batting: LHB Aldo Kok
|
0-0: Called Strike 0-1: Foul Ball, location: 2F 0-2: Ball 1-2: Ball 2-2: 3-RUN HOME RUN (Flyball, 89XD, EV 101.2 MPH), Distance : 390 ft
|
Batting: RHB Sean Mounts
|
0-0: Ball 1-0: Foul Ball, location: 2F 1-1: Ball 2-1: Foul Ball, location: 2F 2-2: Foul Ball, location: 2F 2-2: Foul Ball, location: 2F 2-2: Ball 3-2: Fly out, F8 (Flyball, 8RM, EV 93.1 MPH)
|
Batting: RHB Ben Sutton
|
0-0: Foul Ball, location: 2F 0-1: DOUBLE (Groundball, 5L, EV 101.9 MPH)
|
Batting: LHB Daigo Ishii
|
0-0: Called Strike 0-1: Ball 1-1: SINGLE (Line Drive, 8RS, EV 111.2 MPH) Ben Sutton to third Runner from 3rd tries for Home, SAFE, throw by CF to home
|
Batting: RHB Erik Smith
|
0-0: Ball 1-0: SINGLE (Groundball, 13, EV 87.5 MPH) (infield hit) Daigo Ishii to second
|
Batting: LHB Bob Govella
|
0-0: Ball 1-0: Foul Ball, location: 2F 1-1: Ball 2-1: Ball 3-1: Foul Ball, location: 2F 3-2: 3-RUN HOME RUN (Flyball, 9D, EV 98.8 MPH), Distance : 398 ft
|
Pitching: RHP Taylor Drews
|
|
Batting: RHB Steve Moore
|
0-0: Ball 1-0: Foul Ball, location: 2F 1-1: Swinging Strike 1-2: Strikes out swinging
|
Bottom of the 2nd over - 8 runs, 8 hits, 0 errors, 0 left on base; Hickory 0 - Quad Cities 8 |
TOP OF THE 3RD |
Hickory Crawdads batting - Pitching for Quad Cities River Bandits : RHP Ray Strehler
|
Batting: RHB Ron Corn
|
0-0: Swinging Strike 0-1: Ball 1-1: Ball 2-1: Ball 3-1: Foul Ball, location: 2F 3-2: Fly out, F7 (Flyball, 7S, EV 85.0 MPH)
|
Batting: LHB Lee Gerken
|
0-0: Reached on error, E4 (Groundball, 4D, EV 86.9 MPH)
|
Batting: LHB Caleb Domino
|
0-0: Called Strike 0-1: Grounds into double play, 1-6-3 (Groundball, 34S, EV 66.9 MPH)
|
Top of the 3rd over - 0 runs, 0 hits, 1 error, 0 left on base; Hickory 0 - Quad Cities 8 |
BOTTOM OF THE 3RD |
Quad Cities River Bandits batting - Pitching for Hickory Crawdads : RHP Taylor Drews
|
Batting: LHB Fernando Gomez
|
0-0: Ball 1-0: Ground out U3 (Groundball, 3, EV 80.0 MPH)
|
Batting: LHB Bruce Arvizu
|
0-0: Ball 1-0: Called Strike 1-1: Ball 2-1: Called Strike 2-2: Strikes out looking
|
Batting: LHB Aldo Kok
|
0-0: Foul Ball, location: 2F 0-1: Fly out, F8 (Flyball, 8RM, EV 92.5 MPH)
|
Bottom of the 3rd over - 0 runs, 0 hits, 0 errors, 0 left on base; Hickory 0 - Quad Cities 8 |
TOP OF THE 4TH |
Hickory Crawdads batting - Pitching for Quad Cities River Bandits : RHP Ray Strehler
|
Batting: RHB Aaron Moore
|
0-0: Ball 1-0: Ball 2-0: Called Strike 2-1: Ball 3-1: Foul Ball, location: 2F 3-2: Base on Balls
|
Batting: LHB Brian Gray
|
0-0: Ball Aaron Moore steals 2nd, throwing error, E2 Aaron Moore to third 1-0: Ball 2-0: Ball 3-0: Base on Balls
|
Batting: RHB Dermott Neill
|
0-0: Ball Brian Gray steals 2nd base 1-0: DOUBLE (Line Drive, 89D, EV 103.8 MPH) Aaron Moore scores Brian Gray scores
|
Batting: SHB Todd Hewitt
|
0-0: 2-RUN HOME RUN (Flyball, 9D, EV 103.1 MPH), Distance : 396 ft
|
Batting: RHB Jarrod Joyce
|
0-0: Called Strike 0-1: Foul Ball, location: 2F 0-2: Strikes out swinging
|
Batting: SHB Quido van Erp
|
0-0: Called Strike 0-1: Ball 1-1: Foul Ball, location: 2F 1-2: Strikes out looking
|
Batting: RHB Ron Corn
|
0-0: Called Strike 0-1: Ground out 6-3 (Groundball, 56, EV 81.2 MPH)
|
Top of the 4th over - 4 runs, 2 hits, 1 error, 0 left on base; Hickory 4 - Quad Cities 8 |
BOTTOM OF THE 4TH |
Quad Cities River Bandits batting - Pitching for Hickory Crawdads : RHP Taylor Drews
|
Batting: RHB Sean Mounts
|
0-0: Foul Ball, location: 2F 0-1: Foul Ball, location: 2F 0-2: Fly out, F8 (Flyball, 8RS, EV 91.9 MPH)
|
Batting: RHB Ben Sutton
|
0-0: Ball 1-0: Swinging Strike 1-1: Foul Ball, location: 2F 1-2: Strikes out swinging
|
Batting: LHB Daigo Ishii
|
0-0: Foul Ball, location: 2F 0-1: Ball 1-1: Foul Ball, location: 2F 1-2: Strikes out swinging
|
Bottom of the 4th over - 0 runs, 0 hits, 0 errors, 0 left on base; Hickory 4 - Quad Cities 8 |
TOP OF THE 5TH |
Hickory Crawdads batting - Pitching for Quad Cities River Bandits : RHP Ray Strehler
|
Batting: LHB Lee Gerken
|
0-0: Ball 1-0: Foul Ball, location: 2F 1-1: Called Strike 1-2: Foul Ball, location: 2F 1-2: DOUBLE (Line Drive, 9LM, EV 106.2 MPH)
|
Batting: LHB Caleb Domino
|
0-0: Ball 1-0: Foul Ball, location: 2F 1-1: Ball 2-1: Foul Ball, location: 2F 2-2: Ball 3-2: Foul Ball, location: 2F 3-2: Ground out U3 (Groundball, 34S, EV 83.1 MPH) Lee Gerken to third
|
Batting: RHB Aaron Moore
|
0-0: Fly out, F6 (Popup, 6M, EV 58.8 MPH)
|
Batting: LHB Brian Gray
|
0-0: Ball 1-0: Called Strike 1-1: Foul Ball, location: 2F 1-2: Foul Ball, location: 2F 1-2: Ball 2-2: Ball 3-2: Fly out, F7 (Line Drive, 7S, EV 91.2 MPH)
|
Top of the 5th over - 0 runs, 1 hit, 0 errors, 1 left on base; Hickory 4 - Quad Cities 8 |
BOTTOM OF THE 5TH |
Quad Cities River Bandits batting - Pitching for Hickory Crawdads : RHP Taylor Drews
|
Batting: RHB Erik Smith
|
0-0: Ball 1-0: SINGLE (Groundball, 6MD, EV 95.0 MPH)
|
Batting: LHB Bob Govella
|
0-0: Foul Ball, location: 2F 0-1: Ball 1-1: Swinging Strike 1-2: Ball 2-2: Foul Ball, location: 2F 2-2: Foul Ball, location: 2F 2-2: Strikes out looking
|
Batting: RHB Steve Moore
|
0-0: Called Strike 0-1: Ball 1-1: Fly out, F3 (Popup, 34, EV 68.1 MPH)
|
Batting: LHB Fernando Gomez
|
0-0: Ball 1-0: Called Strike 1-1: Ball 2-1: Foul Ball, location: 2F 2-2: Strikes out swinging
|
Bottom of the 5th over - 0 runs, 1 hit, 0 errors, 1 left on base; Hickory 4 - Quad Cities 8 |
TOP OF THE 6TH |
Hickory Crawdads batting - Pitching for Quad Cities River Bandits : RHP Ray Strehler
|
Batting: RHB Dermott Neill
|
0-0: Ball 1-0: Foul Ball, location: 2F 1-1: Foul Ball, location: 2F 1-2: Fly out, F7 (Flyball, 7LM, EV 101.2 MPH)
|
Batting: SHB Todd Hewitt
|
0-0: Ball 1-0: Ground out 5-3 (Groundball, 56S, EV 90.0 MPH)
|
Batting: RHB Jarrod Joyce
|
0-0: Ball 1-0: Called Strike 1-1: Swinging Strike 1-2: Foul Ball, location: 2F 1-2: Ball 2-2: Strikes out looking
|
Top of the 6th over - 0 runs, 0 hits, 0 errors, 0 left on base; Hickory 4 - Quad Cities 8 |
BOTTOM OF THE 6TH |
Quad Cities River Bandits batting - Pitching for Hickory Crawdads : RHP Taylor Drews
|
Batting: LHB Bruce Arvizu
|
0-0: Ground out 6-3 (Groundball, 6, EV 76.2 MPH)
|
Batting: LHB Aldo Kok
|
0-0: SINGLE (Groundball, 6MS, EV 65.0 MPH) (infield hit)
|
Batting: RHB Sean Mounts
|
0-0: Ball 1-0: Swinging Strike 1-1: Fly out, F9 (Flyball, 9LS, EV 95.6 MPH)
|
Batting: RHB Ben Sutton
|
0-0: Fielders Choice at 2nd, 6-4 (Groundball, 6, EV 100.6 MPH)
|
Bottom of the 6th over - 0 runs, 1 hit, 0 errors, 1 left on base; Hickory 4 - Quad Cities 8 |
TOP OF THE 7TH |
Hickory Crawdads batting - Pitching for Quad Cities River Bandits : RHP Ray Strehler
|
Batting: SHB Quido van Erp
|
0-0: Foul Ball, location: 2F 0-1: Foul Ball, location: 2F 0-2: Ball 1-2: Ball 2-2: Ground out 3-1 (Groundball, 34, EV 89.4 MPH)
|
Batting: RHB Ron Corn
|
0-0: Called Strike 0-1: Ball 1-1: Ball 2-1: Ground out 5-3 (Groundball, 56, EV 94.4 MPH)
|
Batting: LHB Lee Gerken
|
0-0: Ball 1-0: Ball 2-0: Called Strike 2-1: Foul Ball, location: 2F 2-2: Foul Ball, location: 2F 2-2: Ball 3-2: Fly out, F9 (Flyball, 9D, EV 103.1 MPH)
|
Top of the 7th over - 0 runs, 0 hits, 0 errors, 0 left on base; Hickory 4 - Quad Cities 8 |
BOTTOM OF THE 7TH |
Quad Cities River Bandits batting - Pitching for Hickory Crawdads : RHP Taylor Drews
|
Pitching: RHP Jim Ruleman
|
|
Batting: LHB Daigo Ishii
|
0-0: Ball 1-0: Ball 2-0: Fly out, F8 (Flyball, 8LM, EV 87.5 MPH)
|
Batting: RHB Erik Smith
|
0-0: Fly out, F2 (Popup, 23F, EV 75.0 MPH)
|
Batting: LHB Bob Govella
|
0-0: Called Strike 0-1: Foul Ball, location: 2F 0-2: Ball 1-2: Strikes out swinging, 2-3 out at first.
|
Bottom of the 7th over - 0 runs, 0 hits, 0 errors, 0 left on base; Hickory 4 - Quad Cities 8 |
TOP OF THE 8TH |
Hickory Crawdads batting - Pitching for Quad Cities River Bandits : RHP Ray Strehler
|
Batting: LHB Caleb Domino
|
0-0: Ball 1-0: Foul Ball, location: 2F 1-1: Ground out 5-3 (Groundball, 25, EV 85.6 MPH)
|
Batting: RHB Aaron Moore
|
0-0: Ball 1-0: Ball 2-0: Ball 3-0: Called Strike 3-1: Called Strike 3-2: SINGLE (Groundball, 56D, EV 111.2 MPH)
|
Pitching: RHP Carlos Zavala
|
|
Batting: LHB Brian Gray
|
0-0: Called Strike 0-1: Ball 1-1: Swinging Strike 1-2: Ball 2-2: Ball 3-2: Base on Balls Aaron Moore to second
|
Batting: RHB Dermott Neill
|
0-0: Called Strike 0-1: Called Strike 0-2: Ball 1-2: Ball 2-2: Strikes out swinging
|
Batting: SHB Todd Hewitt
|
0-0: Called Strike 0-1: Fly out, F8 (Flyball, 8RM, EV 95.6 MPH)
|
Top of the 8th over - 0 runs, 1 hit, 0 errors, 2 left on base; Hickory 4 - Quad Cities 8 |
BOTTOM OF THE 8TH |
Quad Cities River Bandits batting - Pitching for Hickory Crawdads : RHP Jim Ruleman
|
Batting: RHB Steve Moore
|
0-0: Ball 1-0: Fly out, F9 (Flyball, 89M, EV 86.9 MPH)
|
Batting: LHB Fernando Gomez
|
0-0: Called Strike 0-1: Ground out 4-3 (Groundball, 4, EV 88.1 MPH)
|
Batting: LHB Bruce Arvizu
|
0-0: Ball 1-0: Ball 2-0: Ball 3-0: Called Strike 3-1: Base on Balls
|
Batting: LHB Aldo Kok
|
0-0: Called Strike 0-1: Called Strike 0-2: Ball Bruce Arvizu is caught stealing 2nd base 2-6
|
Bottom of the 8th over - 0 runs, 0 hits, 0 errors, 0 left on base; Hickory 4 - Quad Cities 8 |
TOP OF THE 9TH |
Hickory Crawdads batting - Pitching for Quad Cities River Bandits : RHP Carlos Zavala
|
Batting: RHB Jarrod Joyce
|
0-0: Ball 1-0: Called Strike 1-1: SOLO HOME RUN (Flyball, 9D, EV 99.4 MPH), Distance : 390 ft
|
Batting: SHB Quido van Erp
|
0-0: Called Strike 0-1: Foul Ball, location: 2F 0-2: Ball 1-2: Ball 2-2: Ball 3-2: SINGLE (Groundball, 13S, EV 63.8 MPH) (infield hit)
|
Pinch Hitting: LHB Tim Olsen
|
0-0: Swinging Strike Passed Ball! Quido van Erp to second 0-1: Ball 1-1: Ball 2-1: Ball 3-1: DOUBLE (Line Drive, 89M, EV 92.5 MPH) Quido van Erp scores
|
Batting: LHB Lee Gerken
|
0-0: Foul Ball, location: 2F 0-1: Foul Ball, location: 2F 0-2: Ball 1-2: Foul Ball, location: 2F 1-2: Ball 2-2: Ball 3-2: SINGLE (Groundball, 4D, EV 98.1 MPH) Tim Olsen to third
|
Batting: LHB Caleb Domino
|
0-0: Called Strike 0-1: Ball 1-1: Ball 2-1: Ball 3-1: Called Strike 3-2: Base on Balls Lee Gerken to second
|
Batting: RHB Aaron Moore
|
0-0: Called Strike 0-1: Ball 1-1: SINGLE (Line Drive, 3D, EV 98.1 MPH) Tim Olsen scores Lee Gerken to third Caleb Domino to second Throwing error, E9 Lee Gerken scores Caleb Domino to third Aaron Moore to second
|
Batting: LHB Brian Gray
|
0-0: Ball 1-0: Ball 2-0: Ball 3-0: Base on Balls
|
Batting: RHB Dermott Neill
|
0-0: Ball 1-0: Called Strike 1-1: Foul Ball, location: 2F 1-2: Hit by Pitch Caleb Domino scores Aaron Moore to third Brian Gray to second
|
Batting: SHB Todd Hewitt
|
0-0: Ball Passed Ball! Aaron Moore scores Brian Gray to third Dermott Neill to second 1-0: Swinging Strike 1-1: Swinging Strike Passed Ball! Brian Gray scores Dermott Neill to third 1-2: Foul Ball, location: 2F 1-2: Ball 2-2: Foul Ball, location: 2F 2-2: Ball 3-2: Foul Ball, location: 2F 3-2: Foul Ball, location: 2F 3-2: Fly out, F8 (Flyball, 8RM, EV 80.6 MPH)
|
Pitching: RHP Mike Handrahan
|
|
Batting: RHB Jarrod Joyce
|
0-0: Ball 1-0: Ball Wild Pitch! Dermott Neill scores 2-0: Called Strike 2-1: Fly out, F7 (Line Drive, 78M, EV 92.5 MPH)
|
Batting: SHB Quido van Erp
|
0-0: Ball 1-0: Ball 2-0: Ball 3-0: Called Strike 3-1: Base on Balls
|
Batting: LHB Tim Olsen
|
Pickoff Throw to First - Out! 1-3
|
Top of the 9th over - 8 runs, 5 hits, 1 error, 0 left on base; Hickory 12 - Quad Cities 8 |
BOTTOM OF THE 9TH |
Quad Cities River Bandits batting - Pitching for Hickory Crawdads : RHP Jim Ruleman
|
Now in RF: Tim Olsen
|
|
Batting: LHB Aldo Kok
|
0-0: Ball 1-0: SINGLE (Groundball, 34D, EV 107.5 MPH)
|
Batting: RHB Sean Mounts
|
0-0: Foul Ball, location: 2F 0-1: Called Strike 0-2: Strikes out swinging
|
Batting: RHB Ben Sutton
|
0-0: Foul Ball, location: 2F 0-1: Grounds into double play, 4-6-3 (Groundball, 4, EV 100.0 MPH)
|
Bottom of the 9th over - 0 runs, 1 hit, 0 errors, 0 left on base; Hickory 12 - Quad Cities 8 |
|